 Dungeon Crawl Stone Soup version 0.21.1-1-g345015f (webtiles) character file.

32 letownia2 the Magician (level 3, 0/24 HPs)
             Began as a Merfolk Wizard on Mar 9, 2018.
             Slain by a worm (3 damage)
             ... on level 2 of the Dungeon.
             The game lasted 00:03:30 (593 turns).

letownia2 the Magician (Merfolk Wizard)              Turns: 593, Time: 00:03:30

Health: 0/24       AC:  2    Str:  8    XL:     3   Next: 27%
Magic:  0/7        EV: 13    Int: 17    God:
Gold:   54         SH:  0    Dex: 12    Spells: 2/8 levels left

rFire    . . .     SeeInvis .   f - +0 dagger
rCold    . . .     Gourm    .   (no shield)
rNeg     . . .     Faith    .   a - +0 robe
rPois    .         Spirit   .   b - +0 hat
rElec    .         Reflect  .   (no cloak)
rCorr    .         Harm     .   (no gloves)
MR       .....                  (no boots)
Stlth    ++........             (no amulet)
HPRegen  0.08/turn              (no ring)
MPRegen  0.10/turn              (no ring)

@: very slightly contaminated
A: change form in water, swift swim, stealthy swim
a: no special abilities


You were on level 2 of the Dungeon.
You were not hungry.

You visited 1 branch of the dungeon, and saw 3 of its levels.

You collected 54 gold pieces.

Inventory:

Hand Weapons
 f - a +0 dagger (weapon)
Armour
 a - a +0 robe (worn)
 b - a +0 hat (worn)
 h - a +0 leather armour
 i - a +0 plate armour
 j - a cursed +0 plate armour
Scrolls
 e - 2 scrolls of teleportation {unknown}
Potions
 g - a potion of haste {unknown}
Books
 c - a book of Minor Magic

   Spells                             Type                      Level
   a - Magic Dart                     Conjuration                  1
   b - Blink                          Translocation                2
   c - Call Imp                       Summoning                    2
   d - Slow                           Hexes                        2
   e - Conjure Flame                  Conjuration/Fire             3
   f - Mephitic Cloud                 Conjuration/Poison/Air       3
Comestibles
 d - 4 rations


   Skills:
 - Level 2.6 Dodging
 - Level 2.1 Stealth
 - Level 3.0 Spellcasting
 - Level 1.5 Conjurations
 + Level 2.3 Summonings
   Level 0.7 Translocations
 + Level 0.2 Air Magic
 + Level 0.3 Poison Magic


You had 2 spell levels left.
You knew the following spells:

 Your Spells              Type           Power        Failure   Level  Hunger
a - Magic Dart            Conj           #...         10%         1    None
e - Mephitic Cloud        Conj/Pois/Air  #.......     36%         3    ###....
i - Call Imp              Summ           ##......     11%         2    ##.....


Dungeon Overview and Level Annotations

Branches:
Dungeon (3/15)

Altars:


Message History

You are very lightly contaminated with residual magic.
Nothing appears to happen.
The leopard gecko bites you.
You barely miss the leopard gecko.
The leopard gecko is almost dead.
The leopard gecko bites you but does no damage.
The leopard gecko barely misses you.
You barely miss the leopard gecko.
The leopard gecko is severely wounded.
The leopard gecko barely misses you. The worm bites you!
* * * LOW HITPOINT WARNING * * *
Unknown command.
You closely miss the leopard gecko.
The leopard gecko is severely wounded.
The leopard gecko bites you.
* * * LOW HITPOINT WARNING * * *
Unknown command.
You hit the leopard gecko but do no damage.
The leopard gecko is severely wounded.
The leopard gecko closely misses you. The worm bites you.
You die...

# # ##.# ###...# #.....#
#######.# #.# #...w@l.# #.#
#.#####.###.# ###.....#
############)# #.......####.#
#.w...)).........##.#.......#
#.####.#####..### #....####.#
#.# #w# ..# ####.# #.# #.#
#.# .[# #.# #.# #.# ##.# ..#
##.## #.#


You could see a worm and a leopard gecko.

Vanquished Creatures
  An ooze (D:2)
  A dart slug (D:1)
  2 orcs (D:3)
  2 giant cockroaches
  3 goblins (D:2)
  5 hobgoblins
  2 kobolds
  2 bats (D:2)
  A frilled lizard (D:1)
  4 rats
23 creatures vanquished.

Notes
Turn   | Place    | Note
-------+----------+-------------------------------------------
     0 | D:1      | letownia2 the Merfolk Wizard began the quest for the Orb.
     0 | D:1      | Reached XP level 1. HP: 13/13 MP: 4/4
     2 | D:1      | Noticed a ghoul
     2 | D:1      | Noticed a halfling
     4 | D:1      | Noticed a demigod
     6 | D:1      | Noticed a minotaur
     8 | D:1      | Noticed a gargoyle
     8 | D:1      | Noticed a centaur
    10 | D:1      | Noticed an octopode
    10 | D:1      | Noticed a human
    14 | D:1      | Noticed a formicid
    14 | D:1      | Noticed a vampire
    16 | D:1      | Noticed a draconian
    16 | D:1      | Noticed a naga
    18 | D:1      | Noticed a merfolk
    18 | D:1      | Noticed an elf
    20 | D:1      | Noticed a vine stalker
    20 | D:1      | Noticed a troll
    22 | D:1      | Noticed a felid
    22 | D:1      | Noticed a demonspawn
    24 | D:1      | Noticed an ogre
    24 | D:1      | Noticed a dwarf
    26 | D:1      | Noticed a tengu
    26 | D:1      | Noticed a spriggan
    80 | D:2      | Reached skill level 1 in Conjurations
   151 | D:2      | Reached XP level 2. HP: 16/19 MP: 3/6
   161 | D:2      | Learned a level 2 spell: Call Imp
   431 | D:2      | Reached XP level 3. HP: 5/24 MP: 0/7
   458 | D:2      | Learned a level 3 spell: Mephitic Cloud
   593 | D:2      | Slain by a worm

Skill      XL: |  1  2 |
---------------+-------+-----
Conjurations   | 1 |  1.5
Summonings     | 2 |  2.3
Dodging        | |  2.6
Stealth        | |  2.1
Spellcasting   | |  3.0
Translocations | |  0.7
Air Magic      | |  0.2
Poison Magic   | |  0.3

Action                   || total
-------------------------++-------
Melee: Dagger            ||    43
 Cast: Magic Dart        ||    45
 Stab: Sleeping          ||     2
Armor: Robe              ||    10
Dodge: Dodged            ||    51
